 Dungeon Crawl Stone Soup version 0.22-a0-515-g75794bf (webtiles) character file.

3 Supahsalami the Chopper (level 1, -4/30 HPs)
             Began as a Minotaur Berserker on June 19, 2018.
             Was a Follower of Trog.
             Slain by a gnoll
             ... wielding a +0 halberd
              (7 damage)
             ... on level 1 of the Dungeon.
             The game lasted 00:01:06 (71 turns).

Supahsalami the Chopper (Minotaur Berserker)          Turns: 71, Time: 00:01:07

Health: -4/30      AC:  2    Str: 26    XL:     1   Next: 41%
Magic:  0/0        EV: 12    Int:  4    God:    Trog [*.....]
Gold:   7          SH:  0    Dex:  9    Spells: 0/0 levels left

rFire    . . .     SeeInvis .   a - +0 hand axe
rCold    . . .     Gourm    .   (no shield)
rNeg     . . .     Faith    .   b - +0 animal skin
rPois    .         Spirit   .   (helmet restricted)
rElec    .         Reflect  .   (no cloak)
rCorr    .         Harm     .   (no gloves)
MR       .....                  (no boots)
Stlth    ..........             (no amulet)
HPRegen  0.10/turn              (no ring)
MPRegen  0.07/turn              (no ring)

@: berserking, very quick
A: retaliatory headbutt, horns 2
a: Berserk, Renounce Religion


You were on level 1 of the Dungeon.
You worshipped Trog.
Trog was aware of your devotion.
You were not hungry.

You visited 1 branch of the dungeon, and saw 2 of its levels.

You collected 7 gold pieces.

Inventory:

Hand Weapons
 a - a +0 hand axe (weapon)
Armour
 b - a +0 animal skin (worn)
 e - a cursed +0 ring mail
Scrolls
 f - a scroll of identify {unknown}
 h - a scroll of fear {unknown}
Potions
 g - a potion of invisibility {unknown}
Comestibles
 c - a ration
 d - 5 chunks of flesh


   Skills:
 + Level 3.7 Fighting
 * Level 3.8 Axes
 - Level 2.4 Armour
 - Level 2.1 Dodging


You couldn't memorise any spells.
You didn't know any spells.
Your spell library was empty.

Dungeon Overview and Level Annotations

Branches:
Dungeon (2/15)

Altars:
Uskayaw


Innate Abilities, Weirdness & Mutations

You reflexively headbutt those who attack you in melee.
You have a pair of horns on your head.


Message History

The gnoll is severely wounded.
The gnoll hits you with a halberd!
Ouch! That really hurt!
* * * LOW HITPOINT WARNING * * *
You are too injured to fight recklessly!
You are too injured to fight recklessly!
You are too injured to fight recklessly!
You are too injured to fight recklessly!
You are too injured to fight recklessly!
You are too injured to fight recklessly!
You are too injured to fight recklessly!
You are too injured to fight recklessly!
You are too injured to fight recklessly!
You are too injured to fight recklessly!
You are too injured to fight recklessly!
You are too injured to fight recklessly!
A red film seems to cover your vision as you go berserk!
You feel yourself moving faster!
You feel mighty!
You feel a lot more hungry. The gnoll hits you with a halberd!
You die...

.......................#
........>.........##...#
.........<........##...#
.......................#
.......................#
.##............##......#
.##............##......#
........##...............
........##......@....$###
...............g......#
#.###...####...####+#.#
...... ..# ##.... ...
#... ## #... #..


You could see a gnoll.

Vanquished Creatures
  A ball python (D:1)
  A hobgoblin (D:1)
  A bat (D:1)
3 creatures vanquished.

Notes
Turn   | Place    | Note
-------+----------+-------------------------------------------
     0 | D:1      | Supahsalami the Minotaur Berserker began the quest for the Orb.
     0 | D:1      | Reached XP level 1. HP: 19/19 MP: 0/0
     2 | D:2      | Found a hide-covered altar of Uskayaw.
    71 | D:1      | Slain by a gnoll

Vault maps used:
D:1:      dpeg_arrival_stonehenge_8_columns, minmay_misc_feat_chi,
          hangedman_decor_clover_reticule
D:2:      eat_drink_and_be_merry_uskayaw, nemelex_xobeh_ov_fountains_minmay,
          elyvilon_altar_1, chequers_temple_overflow_minitemple, first_ration,
          uniq_sigmund

Action                   || total
-------------------------++-------
Melee: Hand axe          ||     6
Invok: Berserk           ||     1
Dodge: Dodged            ||     4

Table legend:
 A = Spawn XP
 B = Non-spawn XP
 C = Spawn XP percentage of total XP
 D = Spawn monster count
 E = Non-spawn monster count
 F = Spawn count percentage of total count
 G = Total turns spent on level
                    A         B        C        D         E        F      G
               +---------+---------+-------+---------+---------+-------+---------
         Total |       0 |       5 |   0.0 |       0 |       3 |   0.0 |    71
               +---------+---------+-------+---------+---------+-------+---------
           D:1 |       0 |       5 |   0.0 |       0 |       3 |   0.0 |    69
               +---------+---------+-------+---------+---------+-------+---------
